 Dungeon Crawl Stone Soup version 0.31.0-32-g396128a36d (webtiles) character file.

Game seed: 10710431666296254136

198 PaiMei the Grave Robber (level 5, -1/36 HPs)
             Began as a Demonspawn Necromancer on Apr 2, 2024.
             Slain by a river rat (7 damage)
             ... in a sewer.
             The game lasted 00:04:07 (3680 turns).

PaiMei the Grave Robber (Demonspawn Necromancer)    Turns: 3680, Time: 00:04:08

Health: -1/36      AC:  3    Str:  9    XL:     5   Next: 47%
Magic:  1/9        EV: 12    Int: 17    God:
Gold:   97         SH:  0    Dex: 13    Spells: 9/10 levels left

rFire   . . .        e - +0 mace
rCold   . . .        (no shield)
rNeg    . . .        a - +0 robe
rPois   .            (helmet restricted)
rElec   .            (no cloak)
rCorr   .            (no gloves)
SInv    .            l - +0 pair of boots
Will    .....        (no amulet)
Stlth   ++           (no ring)
HPRegen 0.26/turn    (no ring)
MPRegen 0.11/turn

%: no passive effects
@: no status effects
A: antennae 2, foul stench 1
a: no special abilities


You were in a sewer.
You visited 1 branch of the dungeon, and saw 4 of its levels.
You also visited: Sewer.

You collected 97 gold pieces.

Inventory:

Hand Weapons
 e - a +0 mace (weapon)
Armour
 a - a +0 robe (worn)
 l - a +0 pair of boots (worn)
Scrolls
 h - 4 scrolls of identify {unknown}
 i - 2 scrolls of enchant armour {unknown}
 j - a scroll of torment {unknown}
 n - 2 scrolls of poison {unknown}
 o - a scroll of noise {unknown}
 p - a scroll of amnesia {unknown}
Potions
 b - a potion of magic
 c - a potion of heal wounds {unknown}
 d - a potion of curing {unknown}
 f - a potion of lignification {unknown}
 g - a potion of might {unknown}
 k - a potion of haste {unknown}
 m - a potion of attraction {unknown}


   Skills:
 + Level 0.8 Fighting
 + Level 3.0 Dodging
 - Level 2.9 Stealth
 + Level 3.1 Spellcasting
 + Level 5.3 Necromancy


You had 9 spell levels left.
You knew the following spells:

 Your Spells              Type           Power      Damage    Failure   Level
a - Necrotise             Necr           80%        1d8       1%          1

Your spell library contained the following spells:

 Spells                   Type           Power      Damage    Failure   Level
 Vampiric Draining        Necr           20%        2d7       6%          3
 Animate Dead             Necr           20%        N/A       19%         4
 Curse of Agony           Necr           20%        N/A       47%         5


Dungeon Overview and Level Annotations

Branches:
Dungeon (4/15)              Sewer (1/1)
 Temple: D:4-7

Altars:


Innate Abilities, Weirdness & Mutations

You have a pair of antennae on your head.
You may rarely emit foul miasma when damaged in melee.


Message History

Casting: Necrotise (safe; 1% risk of failure)
Confirm with . or Enter, or press ? or * to list all spells.
Aiming: Necrotise (safe; 1% risk of failure)
Press: ? - help, Shift-Dir - straight line, f - ball python
Aim: a ball python (constricting your ball python skeleton, ally target, chance to affect: 89%)
The ball python writhes in agony.
You feel sick.
The ball python bites your ball python skeleton. x2
Your ball python skeleton is destroyed!
Casting: Necrotise (safe; 1% risk of failure)
Confirm with . or Enter, or press ? or * to list all spells.
Aiming: Necrotise (safe; 1% risk of failure)
Press: ? - help, Shift-Dir - straight line, f/p - ball python
Aim: a ball python (heavily wounded, chance to affect: 89%)
The ball python writhes in agony.
You kill the ball python!
The dead are slithering!
You feel sick.
You are no longer poisoned.
The river rat barely misses your ball python skeleton.
Casting: Necrotise (safe; 1% risk of failure)
Confirm with . or Enter, or press ? or * to list all spells.
Aiming: Necrotise (safe; 1% risk of failure)
Press: ? - help, Shift-Dir - straight line, f - ball python
Aim: a ball python (ally target, chance to affect: 89%)
The ball python writhes in agony.
The river rat bites your ball python skeleton!
Your ball python skeleton is destroyed!
Casting: Necrotise (safe; 1% risk of failure)
Confirm with . or Enter, or press ? or * to list all spells.
Aiming: Necrotise (safe; 1% risk of failure)
Press: ? - help, Shift-Dir - straight line, f/p - ball python
Aim: a ball python (severely wounded, chance to affect: 89%)
The ball python writhes in agony.
You kill the ball python!
The dead are slithering!
The river rat bites your ball python skeleton!
Your ball python skeleton is destroyed!
The river rat bites you!
* * * LOW HITPOINT WARNING * * *
The river rat bites you!
You die...

...~≈≈≈≈~.~.....#
..r.≈≈≈≈≈~......#
....~≈≈~≈~......#
#.r≈J≈~.......##
#~.r≈≈~......#
##..~≈≈......##
##...≈~rr.....####
.....≈~..r...###∩#
....~~~..r...###@#
....~~r....{.{#rr#
.....~~~...r.rrr##
....~~~......rr##
....~~≈.~.....##
....~~≈~.r....#
#..~.≈≈≈≈~.....
~≈≈≈≈≈......#
~≈≈≈~~...#..


You could see 2 river rats and 6 rats.

Vanquished Creatures
  An orc priest (D:4)
  6 adders
  A ribbon worm (D:2)
  3 dart slugs
  4 orcs
  11 ball pythons
  3 bats (D:2)
  8 endoplasms
  3 giant cockroaches
  5 goblins
  3 hobgoblins
  5 jackals
  15 kobolds
  7 quokkas
  2 frilled lizards
  13 rats
90 creatures vanquished.

Vanquished Creatures (collateral kills)
  A ball python (D:2)
  An endoplasm (D:2)
  2 frilled lizards
  A rat (Sewer)
5 creatures vanquished.

Grand Total: 95 creatures vanquished

Notes
Turn   | Place    | Note
-------+----------+-------------------------------------------
     0 | D:1      | PaiMei the Demonspawn Necromancer began the quest for the
                  | Orb.
     0 | D:1      | Reached XP level 1. HP: 13/13 MP: 3/3
   222 | D:1      | Gained mutation: You may rarely emit foul miasma when
                  | damaged in melee. [demonic ancestry]
   222 | D:1      | Reached XP level 2. HP: 14/19 MP: 3/5
   834 | D:2      | Gained mutation: You have a pair of small antennae on your
                  | head. [demonic ancestry]
   834 | D:2      | Reached XP level 3. HP: 23/24 MP: 0/6
  1441 | D:2      | Found a faded altar of an unknown god.
  1997 | D:3      | Reached XP level 4. HP: 30/30 MP: 1/8
  2494 | D:3      | Reached skill level 5 in Necromancy
  3246 | D:4      | Gained mutation: You have a pair of antennae on your head.
                  | [demonic ancestry]
  3246 | D:4      | Reached XP level 5. HP: 31/35 MP: 1/9
  3461 | D:4      | Found a glowing drain.
  3465 | Sewer    | Entered a sewer
  3680 | Sewer    | Slain by a river rat

Illustrated notes

Levels and vault maps discovered:
D:1:      noname_arrival_rooms_in_the_neighbourhood, layout_basic,
          solitary_fountain
D:2:      cheibrodos_helix_gallery, layout_loops_ring, basic_altar,
          chequers_ecumenical_altar_simple, lexackson_kobold_supper
D:3:      layout_basic, dk_noncrumbling_3, minmay_hedge_maze, nrook_campfire,
          kennysheep_nondescript, dk_noncrumbling_2, minmay_misc_feat_ornament
D:4:      layout_rooms, minmay_temple_entry_grid, gup_sewer_entry_spiral
Sewer:    sewer_minmay_treatment

Skill      XL: |  1  2  3  4  5 |
---------------+----------------+-----
Stealth        | 2 |  2.9
Dodging        | 2 3 |  3.0
Necromancy     | 5 |  5.3
Spellcasting   | 3 |  3.1
Fighting       | |  0.8

Action                     |  1- 3 |  4- 6 || total
---------------------------+-------+-------++-------
  Melee: Mace              |    24 |    14 ||    38
         Club              |     4 |       ||     4
         Punch             |       |     1 ||     1
   Cast: Necrotise         |    73 |    78 ||   151
 Armour: Robe              |    31 |    21 ||    52
  Dodge: Dodged            |    56 |    35 ||    91
